Cogmind - Beta 15 @@@ ROGUE MODE // 2025.05.07 @ 12:47:36 Player: gigi283 Result: Destroyed by as-58310 with Assembled Heavy Rifle Performance ------------- Evolutions (0) 0 Regions Visited (4) 800 Robots Destroyed (30) 150 Value Destroyed (646) 646 Prototype IDs (23) 460 Alien Tech Used (0) 0 Bonus (300) 300 TOTAL SCORE: 2356 Bonus ------- Aligned with FarCom 300 Cogmind --------- Core Integrity 0/250 Matter 277/300 Energy 100/100 System Corruption 5% Temperature Cool (10) Movement Walking (120) Location -9/Mines Parts ------- > --- POWER (1) -------- (None) > --- PROPULSION (2) --- Carbon-fiber Leg Carbon-fiber Leg > --- UTILITY (2) ------ Large Storage Unit Modified TNC > --- WEAPON (2) ------- Small Laser Light Assault Rifle > --- INVENTORY (15) --- Aluminum Leg Flight Unit Flight Unit Scrap Suit Visual Processing Unit Supersonic Drone Bay (1/1) EMP Trap EMP Trap Signal Generator Peak State ------------ > --- POWER ------------ Ion Engine > --- PROPULSION ------- Carbon-fiber Leg Carbon-fiber Leg > --- UTILITY ---------- Large Storage Unit Modified TNC > --- WEAPON ----------- Small Laser Light Assault Rifle > --- INVENTORY -------- Aluminum Leg Flight Unit Flight Unit Scrap Suit Visual Processing Unit Supersonic Drone Bay EMP Trap EMP Trap Signal Generator [Rating: 18] Favorites ----------- Power Ion Engine Engine Ion Engine Propulsion Wheel Leg Carbon-fiber Leg Wheel Wheel Hover Unit Hover Unit Flight Unit Flight Unit Utility Large Storage Unit Device Weight Redist. System Storage Large Storage Unit Processor Modified TNC Weapon Assault Rifle Energy Gun Small Laser Ballistic Gun Assault Rifle Launcher Grenade Launcher Build | -11 -10 -10 -10 -9 ------- Run | Yrd Mat Min Exi Min Slots Evolved . | . . . . . Power . | . . . . . Propulsion . | . . . . . Utility . | . . . . . Weapon . | . . . . . Parts Attached 25 | 6 4 13 2 . Power 3 | 1 . 2 . . Engine 3 | 1 . 2 . . Core . | . . . . . Reactor . | . . . . . Propulsion 9 | 2 . 7 . . Treads . | . . . . . Leg 2 | . . 2 . . Wheel 2 | 2 . . . . Hover 3 | . . 3 . . Flight 2 | . . 2 . . Utility 6 | 1 3 1 1 . Device 3 | . 2 1 . . Storage 2 | 1 1 . . . Processor 1 | . . . 1 . Hackware . | . . . . . Protection . | . . . . . Artifact . | . . . . . Weapon 7 | 2 1 3 1 . Energy Gun 2 | . . 1 1 . Energy Cannon . | . . . . . Ballistic Gun 4 | 2 . 2 . . Ballistic Cannon . | . . . . . Launcher 1 | . 1 . . . Special Weapon . | . . . . . Impact Weapon . | . . . . . Slashing Weapon . | . . . . . Piercing Weapon . | . . . . . Special Melee Weapon . | . . . . . Unidentified Prototypes . | . . . . . Parts Lost 11 | . . 10 . 1 Power 2 | . . 1 . 1 Propulsion 2 | . . 2 . . Utility 2 | . . 2 . . Weapon 5 | . . 5 . . Highest Loss Streak 6 | . . 6 . 1 To Critical Strikes . | . . . . . Average Backups 5 | 2 5 5 7 6 Power . | . 1 . . . Propulsion 1 | . 1 1 3 3 Utility 1 | . . 2 2 3 Weapon 1 | . 1 . 1 . Tool/Special . | . . . . . Unused Backups 6 | . . 2 . 4 Power 1 | . . 1 . . Propulsion 2 | . . 1 . 1 Utility 3 | . . . . 3 Weapon . | . . . . . Tool/Special . | . . . . . Average Slot Usage (%) 89 | . 100 91 61 87 Engine 13 | . 14 13 14 2 Leg 8 | . . 5 28 28 Wheel 10 | . 28 3 . . Hover 7 | . . 15 . . Flight 1 | . . 2 . . Device 9 | . 14 10 . . Storage 14 | . 14 14 14 14 Ballistic Gun 18 | . 19 23 1 14 Launcher 3 | . 8 2 . . Peak Build Rating 18 | 6 7 12 18 18 Average Rating 8 | 4 6 9 11 17 On Entrance 8 | . 6 7 11 18 Naked Turns . | . . . . . Heaviest Build 31 | 13 31 31 27 27 Greatest Support 30 | 20 20 30 30 30 Greatest Overweight (x) 4 | . 1 4 . . Average Overweight (x) . | . . . . . Largest Inventory Capacity 15 | 8 15 15 15 15 Average Capacity 13 | 7 12 15 15 15 Most Carried 13 | 4 7 11 13 10 Average Carried 7 | 2 5 8 11 10 Final Capacity 15 | 8 15 15 15 15 Final Carried 10 | 3 7 10 10 10 Class Distribution -------------------- 89% | Mutant 10% | Scavenger-Mutant Dominant Class ---------------- Mutant | -10/Materials Mutant | -10/Mines Mutant | -10/Exiles Scavenger-Mutant | -9/Mines Resources | -11 -10 -10 -10 -9 ----------- Run | Yrd Mat Min Exi Min Matter Collected 966 | 178 195 549 . 44 Remotely . | . . . . . Salvage Created 825 | 19 380 365 . 61 Parts 50 | 3 17 26 . 4 Haulers Intercepted 1 | . 1 . . . Recyclers Shooed 1 | . 1 . . . Parts Field Recycled . | . . . . . Retrieved Matter . | . . . . . Parts Self-Destructed . | . . . . . Prevented . | . . . . . Kills | -11 -10 -10 -10 -9 ------- Run | Yrd Mat Min Exi Min Combat Hostiles Destroyed 23 | . 7 14 . 2 Guns 17 | . 3 12 . 2 AOE 6 | . 4 2 . . Classes Destroyed 7 | 1 4 1 . 1 Worker 1 | . . . . 1 Tunneler 2 | 1 . 1 . . Hauler 1 | . 1 . . . Recycler 1 | . 1 . . . Watcher 2 | . 2 . . . Swarmer 10 | . . 8 . 2 Grunt 13 | . 7 6 . . Best Kill Streak 3 | 1 2 3 . 3 Combat Bots Only 3 | . 2 3 . 2 Max Kills in Single Turn 2 | 1 1 2 . 1 Gunslinging . | . . . . . Exploded 2 | . 1 2 . . Melee . | . . . . . Uniques/NPCs Destroyed . | . . . . . Combat | -11 -10 -10 -10 -9 -------- Run | Yrd Mat Min Exi Min Hostile Shots Fired 137 | . 26 80 . 31 Missed 35 | . 6 21 . 8 Hits 102 | . 20 59 . 23 Projectile 102 | . 20 59 . 23 Critical Strikes 1 | . . . . 1 Damage Taken 1190 | . 246 712 . 232 Core 259 | . 57 124 . 78 Absorbed by Shields . | . . . . . Core Remaining (%) 100 | 100 . . . . Volleys Fired 102 | 4 40 51 . 7 Largest 2 | 2 2 2 . 2 Hottest 85 | 40 50 85 . 60 Shots Fired 168 | 8 61 86 . 13 Gun 158 | 8 54 83 . 13 Cannon . | . . . . . Launcher 10 | . 7 3 . . Special . | . . . . . Kinetic 150 | 8 54 82 . 6 Thermal 8 | . . 1 . 7 Explosive 10 | . 7 3 . . Electromagnetic . | . . . . . Robot Hit Streak 14 | 5 10 14 . 2 Robot Miss Streak 4 | 2 4 3 . 2 Penetration Max . | . . . . . Secondary Targets 3 | . . 2 . 1 Max Gunslinging Chain 1 | . . 1 . 1 Shots Hit Robots 104 | 5 37 57 . 5 Core Hits 51 | 1 21 25 . 4 Critical Kills 1 | . . 1 . . Critical Parts Destroyed . | . . . . . Critical Strikes 1 | . . 1 . . Destroy 1 | . . 1 . . Melee Attacks . | . . . . . Impact . | . . . . . Slashing . | . . . . . Piercing . | . . . . . Sneak Attacks . | . . . . . Combat Hostiles . | . . . . . Follow-up Attacks . | . . . . . Damage Inflicted 1627 | 58 726 787 . 56 Guns 1048 | 58 383 551 . 56 Cannons . | . . . . . Explosions 551 | . 315 236 . . Melee . | . . . . . Ramming 28 | . 28 . . . Kinetic 988 | 58 383 533 . 14 Thermal 60 | . . 18 . 42 Explosive 551 | . 315 236 . . Electromagnetic . | . . . . . Impact . | . . . . . Slashing . | . . . . . Piercing . | . . . . . Highest Corruption 5 | . 5 5 5 5 Average Corruption 4 | . 4 5 5 5 Corruption Purged . | . . . . . Corruption Blocked . | . . . . . Effects 46 | . 7 28 8 3 Message Errors 10 | . 3 5 2 . Matter Fused 14 | . 3 7 2 2 Heat Flow Errors 8 | . . 7 1 . Energy Discharges 4 | . 1 2 1 . Parts Rejected 1 | . . 1 . . Data Loss (minor) 5 | . . 5 . . Data Loss (major) 3 | . . 1 2 . Weapon Failures 1 | . . . . 1 Overload Shots . | . . . . . Overflow Damage 61 | . 3 58 . . Projectiles . | . . . . . Explosions 58 | . . 58 . . Melee 3 | . 3 . . . Knockbacks 1 | . 1 . . . Impact 1 | . 1 . . . Kinetic . | . . . . . Secondary . | . . . . . Self-Inflicted Damage 42 | . 14 28 . . Shots 1 | . . 1 . . Rammed 1 | . 1 . . . Targets Rammed 1 | . 1 . . . Kicked . | . . . . . Crushed . | . . . . . Highest Temperature 265 | . 12 265 208 10 Average Temperature 45 | . 5 49 106 7 Received Heat Transfer 387 | . 129 258 . . Effects 1 | . . 1 . . Energy Bleed 1 | . . 1 . . Siege Activations . | . . . . . Martial Activations . | . . . . . Shielding Activations . | . . . . . Robots Disrupted . | . . . . . Combat Hostiles . | . . . . . Robots Corrupted 1 | . 1 . . . Combat Hostiles . | . . . . . Parts Fried 2 | . 2 . . . Impact Corruptions 1 | . 1 . . . Robots Melted . | . . . . . Combat Hostiles . | . . . . . Parts Melted . | . . . . . Heat Transferred 137 | . . 37 . 100 Parts Sabotaged . | . . . . . Parts Stolen . | . . . . . Parts Stripped . | . . . . . Power Chain Reactions . | . . . . . Alert | -11 -10 -10 -10 -9 ------- Run | Yrd Mat Min Exi Min Maximum Alert Level . | . . . . . Low Security (%) 100 | 100 100 100 . 100 Level 1 . | . . . . . Level 2 . | . . . . . Level 3 . | . . . . . Level 4 . | . . . . . Level 5 . | . . . . . High Security . | . . . . . Max Security . | . . . . . Peak Influence 97 | 5 77 97 . 35 Initial 28 | . . 28 . . Average 26 | 1 19 34 . 21 Influence Increases 732 | 5 250 432 . 45 Destroy 0b10 Robot/C 460 | . 140 280 . 40 Destroy 0b10 Robot/NC 35 | 5 20 5 . 5 Destroy Leader 66 | . 26 40 . . Trap Triggered on 0b10 10 | . . 10 . . Disable Machine 15 | . 15 . . . Destroy Structure 56 | . 34 22 . . Lose Combat Pursuer 90 | . 15 75 . . Influence Decreases 707 | 5 176 475 31 20 Entered New Map 77 | . . 46 31 . Time Decay 510 | 5 176 309 . 20 Lost Part 100 | . . 100 . . Lost Ally 20 | . . 20 . . Squads Dispatched 2 | . 1 1 . . Investigation . | . . . . . Extermination . | . . . . . Reinforcement 1 | . 1 . . . Assault 1 | . . 1 . . Garrison . | . . . . . Intercept . | . . . . . Searches Triggered . | . . . . . Construction Impeded . | . . . . . Haulers Reinforced . | . . . . . Active Scanning Responses . | . . . . . Cargo Convoy Interrupts . | . . . . . Stealth | -11 -10 -10 -10 -9 --------- Run | Yrd Mat Min Exi Min Distress Signals 2 | . 1 1 . . Communications Jammed . | . . . . . Distress Signals . | . . . . . Times Spotted 67 | . 17 21 . 29 Peak Tracking Total 23 | . 4 4 . 23 Tactical Retreats 7 | . 1 4 . 2 Traps | -11 -10 -10 -10 -9 ------- Run | Yrd Mat Min Exi Min Traps Triggered 4 | . 4 . . . Indirectly . | . . . . . Trap Hack Attempts . | . . . . . Triggered . | . . . . . Disarmed . | . . . . . Reprogrammed . | . . . . . Reused 1 | . . 1 . . Traps Extracted . | . . . . . Installed 1 | . . 1 . . Triggered 1 | . . 1 . . Most Traps Carried 2 | . . 2 2 2 Machines | -11 -10 -10 -10 -9 ---------- Run | Yrd Mat Min Exi Min Machines Disabled 1 | . 1 . . . Max in Single Turn 1 | . 1 . . . Machines Repaired . | . . . . . Machines Dismantled . | . . . . . Machines Sabotaged . | . . . . . Overloaded Fab Kills . | . . . . . Hacking | -11 -10 -10 -10 -9 --------- Run | Yrd Mat Min Exi Min Machines Accessed 4 | . 2 1 1 . Terminals 3 | . 2 1 . . Fabricators . | . . . . . Repair Stations . | . . . . . Recycling Units . | . . . . . Scanalyzers . | . . . . . Garrison Access . | . . . . . Total Hacks 7 | . 4 2 1 . Successful 4 | . 2 1 1 . Failed 3 | . 2 1 . . Catastrophic . | . . . . . Database Lockouts . | . . . . . Manual 8 | . 5 1 2 . Terminals 6 | . 4 2 . . Fabricators . | . . . . . Repair Stations . | . . . . . Recycling Units . | . . . . . Scanalyzers . | . . . . . Garrison Access . | . . . . . Terminal Hacks 2 | . . 1 1 . Record 1 | . . 1 . . Proto ID Catalog 1 | . . . 1 . Fabricator Hacks . | . . . . . Repair Station Hacks . | . . . . . Recycling Unit Hacks . | . . . . . Scanalyzer . | . . . . . Garrison Access Hacks . | . . . . . Unauthorized Hacks 2 | . 2 . . . Terminals 2 | . 2 . . . Botnet 2 | . 2 . . . Fabricators . | . . . . . Repair Stations . | . . . . . Recycling Units . | . . . . . Scanalyzers . | . . . . . Garrison Access . | . . . . . Data Cores Recovered . | . . . . . Used . | . . . . . Hacking Detections 1 | . 1 . . . Full Trace Events . | . . . . . Feedback Events . | . . . . . Feedback Blocked . | . . . . . Robot Schematics Acquired . | . . . . . Robots Built . | . . . . . Authchips . | . . . . . Time . | . . . . . Total Robot Build Rating . | . . . . . Part Schematics Acquired . | . . . . . Parts Built . | . . . . . Authchips . | . . . . . Time . | . . . . . Total Part Build Rating . | . . . . . Parts Repaired . | . . . . . Time . | . . . . . Parts Recycled . | . . . . . Recycled Matter . | . . . . . Retrieved Matter . | . . . . . Retrieved Components . | . . . . . Parts Scanalyzed . | . . . . . Part Schematics Acquired . | . . . . . Parts Damaged . | . . . . . Bothacking | -11 -10 -10 -10 -9 ------------ Run | Yrd Mat Min Exi Min Used RIF Installer . | . . . . . Robots Hacked . | . . . . . Non-combat . | . . . . . Combat . | . . . . . Robot Hacks Applied . | . . . . . Relay Couplers Released . | . . . . . Fabnet Peak Effective % . | . . . . . Robots Rewired . | . . . . . Allies Hacked . | . . . . . Hacks Repelled . | . . . . . Allies | -11 -10 -10 -10 -9 -------- Run | Yrd Mat Min Exi Min Total Allies 1 | . . 1 . . Largest Group 1 | . . 1 . . Highest-Rated Group 31 | . . 31 . . Highest-Rated Ally 31 | . . 31 . . Total Orders . | . . . . . Ally Attacks 3 | . . 3 . . Total Damage 62 | . . 62 . . Kills . | . . . . . Allies Corrupted . | . . . . . Allies Melted . | . . . . . Intel | -11 -10 -10 -10 -9 ------- Run | Yrd Mat Min Exi Min Active Infowar (turns) 698 | . 513 106 29 50 Sensors 369 | . 263 106 . . Seismic 250 | . 250 . . . T.N.C. 79 | . . . 29 50 Robot Analysis Total . | . . . . . Derelict Logs Recovered 2 | . . 2 . . Drone Launches . | . . . . . Drone Recoveries . | . . . . . Exploration | -11 -10 -10 -10 -9 ------------- Run | Yrd Mat Min Exi Min Turns Passed 1805 | 85 514 884 272 50 Spaces Moved 1374 | 78 431 616 223 26 Core 12 | 12 . . . . Treads . | . . . . . Legs 353 | . . 104 223 26 Wheels 599 | 66 431 102 . . Hover 353 | . . 353 . . Flight 57 | . . 57 . . Fastest Speed 50 | 50 80 95 120 120 Average Speed 105 | 75 88 115 120 120 Slowest Speed 300 | 80 95 300 120 120 Overloaded Moves . | . . . . . Propulsion Burnouts . | . . . . . Robots Hopped . | . . . . . Potential Cave-ins . | . . . . . Cave-ins Triggered . | . . . . . Exploration Rate (%) 38 | 4 50 71 61 8 Regions Visited 4 Branch Regions 3 Pre-discovered Areas 3 | . . 3 . . Known Exits Taken . | . . . . . Unknown Exits Taken 4 | 1 1 1 1 . Scrap Searched 1 | . . 1 . . Spaces Dug 12 | . . 12 . . Terrain Destroyed 72 | . 41 31 . . Melee . | . . . . . Projectile . | . . . . . AOE 72 | . 41 31 . . Terrain Rammed . | . . . . . Walls Destroyed . | . . . . . Machines Disabled . | . . . . . Actions | -11 -10 -10 -10 -9 --------- Run | Yrd Mat Min Exi Min Total 1576 | 96 505 714 228 33 Wait 23 | . 21 2 . . Move 1370 | 77 430 615 222 26 Hop . | . . . . . Pick Up 36 | 9 7 18 2 . Fast Attach . | . . . . . Attach 23 | 6 2 12 3 . Detach 2 | . . 1 1 . Swap 9 | . 2 7 . . Drop 9 | . 2 7 . . Fire 102 | 4 40 51 . 7 Melee . | . . . . . Ram 1 | . 1 . . . Kick . | . . . . . Crush . | . . . . . Escape Stasis . | . . . . . Rewire . | . . . . . Trap 1 | . . 1 . . Miscellaneous . | . . . . . Route ------- -11/Scrapyard -10/Materials (discovered 3 exits: [*Mat] / *Min x2) -10/Mines (discovered 4 exits: [*Mat x2] / *Exi / [*Sub]) -10/Exiles -9/Mines History --------- Turn | Location | Event 14 | -11/Scrapyard | Discovered new exit (range 16) 86 | -11/Scrapyard | Entered Materials 301 | -10/Materials | Build established: Mutant 325 | -10/Materials | Discovered new exit (range 16) 479 | -10/Materials | Discovered new exit (range 7) 521 | -10/Materials | Discovered new exit (range 16) 600 | -10/Materials | Entered Mines 611 | -10/Mines | Deemed a non-threat by the Exiles lab entrance 612 | -10/Mines | Discovered new exit (range 5) 652 | -10/Mines | Found a hidden stash of uninstalled traps 663 | -10/Mines | Found a Scrap Suit stashed away for nefarious purposes 665 | -10/Mines | Found Scrap Suit 758 | -10/Mines | Lost 3 parts (1u2w) 803 | -10/Mines | Learned location of Mines (-9) 817 | -10/Mines | Learned location of Storage (-8) 954 | -10/Mines | Discovered new exit (range 4) 1021 | -10/Mines | Discovered new exit (range 15) 1089 | -10/Mines | Discovered new exit (range 10) 1251 | -10/Mines | Met a Derelict testing a Signal Generator 1264 | -10/Mines | Found Signal Generator 1297 | -10/Mines | Core integrity fell below 50% 1374 | -10/Mines | Lost 6 parts (1p1n1u3w) 1484 | -10/Mines | Entered Exiles 1515 | -10/Exiles | Met 8R-AWN 1534 | -10/Exiles | Met EX-HEX 1568 | -10/Exiles | Met EX-BIN 1583 | -10/Exiles | Aligned with FarCom system 1585 | -10/Exiles | Given EX-Vault access code 1612 | -10/Exiles | Opened EX-Vault 1623 | -10/Exiles | Found Supersonic Drone Bay 1629 | -10/Exiles | Found Modified TNC 1651 | -10/Exiles | Warned to stay clear of 0b10 Research branches 1685 | -10/Exiles | Met EX-DEC 1744 | -10/Exiles | Discovered new exit (range 11) 1756 | -10/Exiles | Stole two prototypes: Modified TNC, Supersonic Drone Bay 1756 | -10/Exiles | Entered Mines 1757 | -9/Mines | Assembled infested the area 1761 | -9/Mines | Core integrity fell below 20% 1762 | -9/Mines | Assisted by a Guerilla fighting off Assembled 1806 | -9/Mines | Destroyed by as-58310 with Assembled Heavy Rifle Last Messages --------------- come on!" 01764_ T-07 Excavator is excavating. 01765_ S-10 Pest destroyed. 01765_ Switching to secondary target: S-10 Pest. 01765_ HV Slug penetrates Wall. 01767_ as-36278 suffers critical hit (Destroy). 01768_ Acquired 1 matter. 01769_ T-07 Excavator is excavating. 01772_ System corrupted: Lgt. Assault Rifle jammed. 01773_ T-07 Excavator is excavating. 01775_ S-10 Pest destroyed. 01775_ HV Slug penetrates Wall. 01777_ T-07 Excavator is excavating. 01778_ Acquired 16 matter. 01778_ WJ-ZMU(h) destroyed. 01787_ K-01 Serf collects debris. 01791_ K-01 Serf destroyed. 01795_ Acquired 27 matter. 01796_ System corrupted: Matter fused (-10). Map ----- +----------------------------------------------------+ | | | | | | | | | | | | | | | | | | | | | | | | | | | | | | | ?????????????????????????????????????? | | ?????????????????????????????????????? | | ?????????????????????????????????????? | | ?????????????????????????????????????? | | ?????????????????????????????????????? | | ?????????????????????????????????????? | | ?????????????????????????????###?????? | | ????????????????????????????# #????? | | ?????" ?????????????????????? #????? | | ?????" """ #############?????# #????? | | ?????" """ @ = a #####?? ##???? | | ?? ########### #### ##??? | | ???####??????????????##### ##?? | | ?????????????????????????# = #?? | | ?????????????????????????###### % ##? | | ??????????????????????????????# * "#? | | ??????????????????????????????# ##? | | ?????????????????????????????## *%"#?? | | ?????????????????????????????# !%[#### | | ?????????????????????????????# =* | | ?????????????????????????????## ### | | ??????????????????????????????####??? | | ?????????????????????????????????????? | | ?????????????????????????????????????? | | ?????????????????????????????????????? | | ?????????????????????????????????????? | | ?????????????????????????????????????? | | ?????????????????????????????????????? | | ?????????????????????????????????????? | | ?????????????????????????????????????? | | ?????????????????????????????????????? | | ?????????????????????????????????????? | | ?????????????????????????????????????? | | ?????????????????????????????????????? | | ?????????????????????????????????????? | +----------------------------------------------------+ Best States ------------- Heat Dissipation 25 Energy Generation 10 Energy Capacity 250 Matter Stores 300 Matter Capacity 300 Sight Range 16 Robot Scan Range 14 Terrain Scan Density 10 Additional Mass Support 6 Evasion (%) 55 Item Schematics ----------------- None Robot Schematics ------------------ None Fabricated ------------ Nothing Repaired ---------- Nothing Alien Tech Used ----------------- None Achievements -------------- Hunted Challenges ------------ None Game ------ Seed LongswordStorageTether Manual? 0 Play Time 00:21:07 Cumulative 50.3 hours Start 2025.05.07 @ 12:27:00 End 2025.05.07 @ 12:47:36 Sessions 1 Manual Loads 0 Difficulty Rogue Special Mode None Game No. 72 Rogue 72 Adventurer 0 Explorer 0 Win Type - Total 0 Types 0/0/0/0/0/0/0/0/0/0 Lore% 19 Gallery% 28 Achievement% 28 Wizard Run 0 Options --------- Layout 1 ASCII 0 Keyboard 0 Movement Arrows Keybinds 0 Fullscreen 1 Font 16/SmallcapsGlow Map View 50x40 Zoom Use 0% Tactical HUD 1 Map Filters NONE Filters NONE Steam SD RUN: aa8265e6-33ab-4fa9-936b-db03e650d5df